 Dungeon Crawl Stone Soup version 0.20.1-1-g8b1a95d (webtiles) character file.

116968 equalderp2856 the Severer (level 16, -9/147 HPs)
             Began as a Minotaur Fighter on Oct 21, 2017.
             Mangled by a tarantella (10 damage)
             ... on level 3 of the Spider Nest.
             The game lasted 02:07:44 (41813 turns).

equalderp2856 the Severer (Minotaur Fighter)       Turns: 41813, Time: 02:07:45

Health: -9/147     AC: 15    Str: 21    XL:     16   Next: 22%
Magic:  19/19      EV: 10    Int:  8    God:
Gold:   2778       SH:  0    Dex: 14    Spells: 10/21 levels left

rFire    + . .     SeeInvis .   A - +5 war axe
rCold    . . .     Gourm    +   c - +0 shield
rNeg     . . .     Faith    .   Z - +1 plate armour {rPois}
rPois    +         Spirit   .   H - +2 hat
rElec    .         Reflect  .   (no cloak)
rCorr    +         Harm     .   s - +2 pair of gloves
MR       +....                  O - +2 pair of boots
Stlth    ..........             z - amulet of the gourmand
Regen    0.4/turn               m - ring of protection from fire
MPRegen  0.2/turn               l - ring of resist corrosion

@: confused, corroded, starving
A: retaliatory headbutt, horns 2
a: no special abilities


You were on level 3 of the Spider Nest.
You were starving.

You visited 4 branches of the dungeon, and saw 27 of its levels.
You visited the Abyss 1 time.
You also visited: Ossuary and Bailey.

You collected 3294 gold pieces.
You spent 516 gold pieces at shops.

Inventory:

Hand Weapons
 A - a +5 war axe (weapon)
 I - a +2 war axe of freezing
 R - a +0 broad axe
 T - a +3 trident of piercing
 Y - a +2 war axe of electrocution
Armour
 c - a +0 shield (worn)
 s - a +2 pair of gloves (worn)
 G - a +3 plate armour
 H - a +2 hat (worn)
 O - a +2 pair of boots (worn)
 W - a +2 plate armour of fire resistance
 X - a +2 chain mail of positive energy
 Z - a +1 plate armour of poison resistance (worn)
Jewellery
 k - an uncursed ring of protection from cold
 l - a ring of resist corrosion (right hand)
 m - a ring of protection from fire (left hand)
 z - an amulet of the gourmand (around neck)
 Q - an uncursed ring of magical power
Wands
 a - a wand of polymorph (18/24)
 o - a wand of digging (12/24)
 x - a wand of disintegration (10/24)
 C - a wand of paralysis (11/24)
 J - a wand of flame (22/48)
 K - a wand of flame (29/48)
 L - a wand of digging (16/24)
 M - a wand of polymorph (8/24)
 S - a wand of paralysis (7/24)
 U - a wand of confusion (34/48)
Scrolls
 h - 4 scrolls of remove curse
 i - 7 scrolls of magic mapping
 j - 6 scrolls of teleportation
 p - 2 scrolls of holy word
 t - 5 scrolls of identify
 u - a scroll of fog
 w - 3 scrolls of amnesia
 y - 3 scrolls of blinking
 E - 3 scrolls of fear
 P - a scroll of acquirement
 V - 3 scrolls of silence
Potions
 d - 4 potions of might
 n - 2 potions of lignification
 q - a potion of invisibility
 r - 5 potions of haste
 v - 4 potions of flight
 F - 4 potions of resistance
 N - 6 potions of curing
Miscellaneous
 e - a lamp of fire (inert)
 D - 2 boxes of beasts
Comestibles
 b - 7 fruits
 f - 13 bread rations
 g - 9 meat rations


   Skills:
 + Level 14.4 Fighting
 + Level 17.5(17.8) Axes
 + Level 5.8(13.0) Polearms
 + Level 15.2 Armour
 + Level 5.5 Dodging
 + Level 2.7 Stealth
 + Level 15.6 Shields
 * Level 3.0 Spellcasting
 * Level 3.1 Charms
 * Level 3.1 Translocations
 * Level 4.0 Earth Magic
 + Level 2.5 Evocations


You had 10 spell levels left.
You knew the following spells:

 Your Spells              Type           Power        Failure   Level  Hunger
a - Blink                 Tloc           N/A          78%         2    ###....
b - Magic Dart            Conj           #...         97%         1    ##.....
c - Passwall              Tmut/Erth      #.........   91%         2    ###....
d - Iskenderun's Battles  Conj/Chrm      #.......     100%        5    ######.
e - Animate Skeleton      Necr           N/A          97%         1    ##.....


Dungeon Overview and Level Annotations

Branches:
Dungeon (15/15)            Temple (0/1) D:7            Lair (6/6) D:8
 Shoals (0/4) Lair:2       Spider (4/4) Lair:4        Slime (0/5) Lair:6
    Orc (2/2) D:11            Elf (0/3) Orc:2        Vaults (0/5) D:14
 Depths: D:15

Altars:
Cheibriados
Elyvilon
Fedhas
Kikubaaqudgha
Trog
Vehumet
Beogh

Shops:
D:4 :   D:5 (   D:7 }   D:14 }=   Orc:1 (   Orc:2 !}(?(

Annotations:
D:3 markt42's ghost, amateur GrFi
D:11 2 runed doors


Innate Abilities, Weirdness & Mutations

You reflexively headbutt those who attack you in melee.
You have a pair of horns on your head.


Message History

You're too confused to cast spells.
You're too confused to cast spells.
You're too confused to cast spells.
You're too confused to cast spells.
You're too confused to cast spells.
You're too confused to cast spells.
You're too confused to cast spells.
You're too confused to cast spells.
You're too confused to cast spells.
You're too confused to cast spells.
You're too confused to cast spells.
You're too confused to cast spells.
You're too confused to cast spells.
You're too confused to cast spells.
You're too confused to cast spells.
You're too confused to cast spells.
You're too confused to cast spells.
You're too confused!
The tarantella bites you!
You die...

.......####...>..†..............#
..)....###........#..............
......###.........##.......^.....
......###.........##.............
....^#..........^.###............
##...###.#.....^.## #............
##..## #.##.......# #............
.^##.# #.####..sa.###.#........##
..##.###..# ###^@......#.......##
...##.##.^####.#.#.....###....#.#
....##.#...##..#...#.^^.####.###.
....##......#.#...###....##.## ##
....###......#...## ##.^...## #.
###...#......#.### ##.....# #.
.###..###......# ##......# #.
...!#######...## ##.......## ##
###.# ##...#...# ##.../..^..# #


You could see an entropy weaver and a tarantella.

Vanquished Creatures
  Gastronok (D:12)
  2 emperor scorpions
  The ghost of raph the Impaler, a journeyman MfGl of Ru (Orc:1)
  2 entropy weavers
  A spark wasp (Spider:2)
  An ettin (D:11)
  Josephine (Orc:1)
  7 hydras
  Fannar (Lair:2)
  3 ogre magi (Orc:2)
  Harold (Lair:1)
  A catoblepas (Lair:6)
  A death knight (D:14)
  7 two-headed ogres
  4 centaur warriors
  An orc high priest (Orc:1)
  Nergalle (Orc:2)
  A wretched star (Abyss:2)
  A shadow wraith (D:13)
  6 skeletal warriors
  3 unseen horrors
  An orc knight (Orc:2)
  8 orb spiders
  A phantasmal warrior (D:14)
  2 deep elf magi
  17 wolf spiders
  2 ugly things
  9 orc sorcerers
  3 cyclopes
  3 manticores
  3 moths of wrath (Spider:1)
  A black mamba (Lair:6)
  8 elephants
  2 smoke demons (Abyss:2)
  A gargoyle (D:12)
  12 spiny frogs
  2 rime drakes
  A freezing wraith (D:15)
  3 efreet
  6 komodo dragons
  11 demonic crawlers
  3 trolls
  3 meliai (D:13)
  4 polar bears (Lair:6)
  A merfolk (Lair:2)
  A meliai (shapeshifter) (D:14)
  14 jumping spiders
  5 hornets (Lair:6)
  A raiju (Abyss:2)
  9 blink frogs
  8 slime creatures
  7 dream sheep (Lair:6)
  10 hippogriffs
  The ghost of appiemonkey the Magician, an amateur OpWz (D:4)
  A vampire (D:13)
  49 redbacks
  A spriggan (shapeshifter) (D:14)
  A shadow (D:13)
  15 tarantellas
  14 spriggans (Lair:6)
  19 yaks
  5 wraiths
  2 wyverns
  4 hogs (D:8)
  6 basilisks
  A human (D:8)
  A vampire mosquito (D:13)
  A warg (Orc:2)
  9 water moccasins
  14 porcupines
  A soldier ant (D:12)
  An acid dragon (D:12)
  2 hell hounds (D:8)
  26 orc warriors
  5 sky beasts
  3 black bears (Lair:6)
  15 ice beasts
  5 phantoms
  6 ogres
  An eye of draining (D:10)
  A necrophage (D:9)
  4 boggarts (Lair:6)
  9 centaurs
  24 wolves
  11 crocodiles
  2 big kobolds
  17 bullfrogs
  8 gnoll sergeants (Bailey)
  13 scorpions
  A wyvern skeleton (D:6)
  15 wights
  6 howler monkeys
  5 electric eels
  9 crimson imps
  2 starcursed masses (Abyss:2)
  2 quasits
  A bullfrog zombie (D:10)
  10 hounds
  4 jellies
  7 centaur zombies
  6 gnoll shamans (Bailey)
  16 orc priests
  35 orc wizards
  3 bullfrog skeletons
  9 centaur skeletons
  3 iguanas
  Terence (D:2)
  A small abomination (Abyss:2)
  10 worker ants
  3 big kobold zombies (Ossuary)
  A hound skeleton (D:10)
  3 mummies (Ossuary)
  A worker ant zombie (D:10)
  3 scorpion zombies (Ossuary)
  27 gnolls
  7 adders
  A shadow imp (D:13)
  3 oozes
  An adder skeleton (D:6)
  4 worms
  4 dart slugs
  4 leopard geckos
  105 orcs
  2 bats
  7 giant cockroaches
  2 gnoll zombies (Ossuary)
  A hobgoblin (D:2)
  16 jackals
  8 quokkas
  4 ball pythons
  4 frilled lizards
  5 goblins
  2 jackal skeletons (D:5)
  15 kobolds
  A leopard gecko skeleton (D:4)
  2 orc zombies (Ossuary)
  7 rats
  A bush (Lair:4)
  2 fungi
  7 plants
906 creatures vanquished.

Vanquished Creatures (others)
  A scorpion (Ossuary)
  An orc wizard (Orc:2)
  A bush (Lair:4)
  11 fungi
  3 plants
  2 starspawn tentacles (Abyss:2)
19 creatures vanquished.

Grand Total: 925 creatures vanquished

Notes
Turn   | Place    | Note
-------+----------+-------------------------------------------
     0 | D:1      | equalderp2856 the Minotaur Fighter began the quest for the Orb.
     0 | D:1      | Reached XP level 1. HP: 19/19 MP: 0/0
   179 | D:1      | Reached XP level 2. HP: 23/27 MP: 1/1
   319 | D:1      | You fall through a shaft!
   431 | D:2      | Reached XP level 3. HP: 31/33 MP: 2/2
   531 | D:2      | Reached skill level 3 in Axes
  1395 | D:3      | Reached XP level 4. HP: 41/41 MP: 3/3
  1403 | D:3      | Noticed Terence
  1435 | D:2      | Reached skill level 4 in Axes
  1684 | D:2      | Killed Terence
  1684 | D:2      | Reached XP level 5. HP: 35/47 MP: 4/4
  1858 | D:3      | Noticed markt42's ghost (amateur GrFi)
  2394 | D:4      | Noticed appiemonkey's ghost (amateur OpWz)
  2421 | D:4      | Reached skill level 5 in Axes
  2421 | D:4      | Reached skill level 1 in Dodging
  2427 | D:4      | Killed appiemonkey's ghost
  2427 | D:4      | Reached skill level 5 in Fighting
  2427 | D:4      | Reached XP level 6. HP: 32/56 MP: 5/5
  2659 | D:4      | Reached skill level 6 in Axes
  2659 | D:4      | Reached skill level 5 in Armour
  2766 | D:4      | Found Ubittokh's Book Emporium.
  2830 | D:4      | Bought a book of Minor Magic for 220 gold pieces
  2833 | D:4      | Learned a level 2 spell: Blink
  2878 | D:4      | Learned a level 1 spell: Magic Dart
  2896 | D:5      | Entered Level 5 of the Dungeon
  2988 | D:5      | Noticed an ice beast
  3001 | D:5      | Killed an ice beast
  3001 | D:5      | Reached skill level 5 in Shields
  3001 | D:5      | Reached XP level 7. HP: 53/61 MP: 6/6
  3214 | D:5      | Found Ytoil's Weapon Boutique.
  3469 | D:6      | Found a white marble altar of Elyvilon.
  3551 | D:6      | Found a sand-covered staircase.
  3556 | Ossuary  | Entered an ossuary
  3917 | Ossuary  | Reached skill level 7 in Axes
  4408 | Ossuary  | Reached XP level 8. HP: 65/70 MP: 7/7
  4423 | Ossuary  | Reached skill level 8 in Axes
  4929 | D:6      | Found a snail-covered altar of Cheibriados.
  5414 | D:7      | Reached skill level 9 in Axes
  5534 | D:7      | Found a staircase to the Ecumenical Temple.
  5588 | D:7      | Found Latwoan's Gadget Shop.
  5969 | D:8      | Reached XP level 9. HP: 55/78 MP: 8/8
  6038 | D:8      | Found a staircase to the Lair.
  6390 | D:8      | Reached skill level 10 in Axes
  6504 | D:9      | Noticed a two-headed ogre
  6511 | D:9      | Noticed a two-headed ogre
  6907 | D:9      | Reached skill level 1 in Stealth
  7415 | D:9      | Killed a two-headed ogre
  7670 | D:10     | Entered Level 10 of the Dungeon
  7709 | D:10     | Noticed a two-headed ogre
  7740 | D:10     | Killed a two-headed ogre
  7740 | D:10     | Reached skill level 11 in Axes
  7740 | D:10     | Reached XP level 10. HP: 75/88 MP: 9/9
  7754 | D:10     | Reached skill level 1 in Evocations
  7852 | D:10     | Found a flagged portal.
  7865 | Bailey   | Entered a bailey
 10125 | D:9      | Killed a two-headed ogre
 10125 | D:9      | Reached skill level 12 in Axes
 10697 | Lair:1   | Entered Level 1 of the Lair of Beasts
 10705 | Lair:1   | Noticed Harold
 11265 | Lair:1   | Killed Harold
 11265 | Lair:1   | Reached XP level 11. HP: 82/97 MP: 11/11
 11455 | Lair:1   | Reached skill level 10 in Armour
 11901 | Lair:2   | Noticed an eight-headed hydra
 12073 | Lair:2   | Noticed Fannar
 12847 | Lair:2   | Noticed an eight-headed hydra
 12866 | Lair:2   | Killed an eight-headed hydra
 13118 | Lair:2   | Reached skill level 1 in Polearms
 13237 | Lair:2   | Reached skill level 10 in Shields
 13382 | Lair:2   | Reached skill level 13 in Axes
 15300 | Lair:3   | Noticed a six-headed hydra
 15314 | Lair:3   | Killed a six-headed hydra
 16171 | Lair:4   | Reached XP level 12. HP: 104/106 MP: 12/12
 16176 | Lair:4   | Reached skill level 10 in Fighting
 16680 | Lair:4   | Noticed a seven-headed hydra
 16863 | Lair:4   | Reached skill level 14 in Axes
 16905 | Lair:4   | Killed a seven-headed hydra
 17896 | Lair:4   | Found a hole to the Spider Nest.
 19001 | Lair:5   | Learned a level 2 spell: Passwall
 19090 | Lair:6   | Entered Level 6 of the Lair of Beasts
 19115 | Lair:6   | Noticed a six-headed hydra
 19141 | Lair:6   | Killed a six-headed hydra
 19141 | Lair:6   | Reached skill level 5 in Polearms
 19539 | Lair:6   | Found a staircase to the Slime Pits.
 19636 | Lair:6   | Noticed a catoblepas
 19660 | Lair:6   | Killed a catoblepas
 20012 | Lair:6   | Reached XP level 13. HP: 103/116 MP: 13/13
 20174 | Lair:6   | Reached skill level 15 in Axes
 21834 | D:11     | Found a staircase to the Orcish Mines.
 21929 | D:11     | Found a runed door.
 21930 | D:11     | Noticed a fire dragon
 21931 | D:11     | Noticed a fire dragon
 21936 | D:11     | Found a runed door.
 22967 | D:13     | Reached skill level 16 in Axes
 23048 | D:13     | Reached skill level 5 in Dodging
 24036 | D:12     | Found a blossoming altar of Fedhas.
 24088 | D:12     | Noticed Gastronok
 24613 | D:13     | Reached XP level 14. HP: 117/126 MP: 14/14
 25744 | D:14     | Found Miallax's Jewellery Shoppe.
 25790 | D:14     | Found Yjokesayk's Gadget Shoppe.
 26461 | D:14     | Found a roughly hewn altar of Beogh.
 27360 | D:15     | Entered Level 15 of the Dungeon
 27584 | D:15     | Cast into level 2 of the Abyss (a wizard)
 27584 | Abyss:2  | Found a corrupted altar of Lugonu.
 27617 | Abyss:2  | Noticed a tentacled starspawn
 27729 | Abyss:2  | Noticed a starcursed mass
 27894 | Abyss:2  | Found a corrupted altar of Lugonu.
 27915 | Abyss:2  | Noticed a starcursed mass
 27925 | Abyss:2  | Noticed a starcursed mass
 28031 | D:15     | Escaped the Abyss
 28451 | D:14     | Reached skill level 17 in Axes
 28865 | D:14     | Found a gate to the Vaults.
 29402 | D:12     | Killed Gastronok
 30092 | Lair:1   | Learned a level 5 spell: Iskenderun's Battlesphere
 30279 | Lair:1   | Reached skill level 1 in Earth Magic
 30646 | Lair:1   | Learned a level 1 spell: Animate Skeleton
 30752 | Lair:2   | Killed Fannar
 31060 | Lair:2   | Found a staircase to the Shoals.
 31705 | Lair:6   | Reached XP level 15. HP: 136/136 MP: 15/15
 31959 | Orc:1    | Entered Level 1 of the Orcish Mines
 32008 | Orc:1    | Found Liunam's Weapon Emporium.
 32011 | Orc:1    | Bought a +0 broad axe for 64 gold pieces
 32026 | Orc:1    | Noticed raph's ghost (journeyman MfGl)
 32037 | Orc:1    | Reached skill level 1 in Spellcasting
 32044 | Orc:1    | Reached skill level 1 in Charms
 32084 | Orc:1    | Killed raph's ghost
 32381 | Orc:1    | Found a bloodstained altar of Trog.
 32615 | Orc:2    | Entered Level 2 of the Orcish Mines
 32615 | Orc:2    | Found Pepnistrant's Weapon Shop.
 32615 | Orc:2    | Found a staircase to the Elven Halls.
 32790 | Orc:2    | Noticed Josephine
 32790 | Orc:2    | Paralysed by an orc sorcerer for 6 turns
 32805 | Orc:1    | Killed Josephine
 33815 | Orc:2    | Paralysed by an orc sorcerer for 7 turns
 33831 | Orc:2    | Paralysed by an ogre mage for 2 turns
 34078 | Orc:2    | Found Meckacen's Distillery.
 34330 | Orc:2    | Noticed Nergalle
 34475 | Orc:2    | Killed Nergalle
 34592 | Orc:2    | Found an ancient bone altar of Kikubaaqudgha.
 34626 | Orc:2    | Reached skill level 1 in Translocations
 34813 | Orc:2    | Found a radiant altar of Vehumet.
 34857 | Orc:2    | Found a roughly hewn altar of Beogh.
 34857 | Orc:2    | Found Ysinavy's Magic Scroll Shoppe.
 34857 | Orc:2    | Found Afupp's Gadget Emporium.
 34867 | Orc:2    | Paralysed by an orc sorcerer for 6 turns
 34879 | Orc:2    | Reached skill level 15 in Shields
 34903 | Orc:2    | Found Wekes's Antique Weapon Shoppe.
 34949 | Orc:2    | Bought a scroll of teleportation for 42 gold pieces
 34949 | Orc:2    | Bought a scroll of teleportation for 42 gold pieces
 34949 | Orc:2    | Bought a scroll of identify for 28 gold pieces
 34949 | Orc:2    | Bought a scroll of identify for 28 gold pieces
 34949 | Orc:2    | Bought a scroll of remove curse for 42 gold pieces
 34999 | Orc:2    | Bought a potion of berserk rage for 50 gold pieces
 35740 | D:8      | Identified a scroll of acquirement
 36550 | Spider:1 | Entered Level 1 of the Spider Nest
 38599 | Spider:2 | Reached skill level 15 in Armour
 40297 | Spider:3 | Reached XP level 16. HP: 117/146 MP: 19/19
 41686 | Spider:4 | Entered Level 4 of the Spider Nest
 41812 | Spider:3 | HP: 1/147 [entropy weaver (8)]
 41813 | Spider:3 | Mangled by a tarantella

Skill      XL: |  1  2  3  4  5  6  7  8  9 10 11 12 13 14 15 16 |
---------------+-------------------------------------------------+-----
Armour         | 4 5 7 8 9 11 12 13 14 15 | 15.2
Fighting       | 4 5 6 8 9 11 12 13 14 | 14.4
Shields        | 4 5 6 7 9 10 11 13 14 15 | 15.6
Axes           | 3 4 5 6 7 9 11 12 13 14 16 17 | 17.5
Dodging        | 1 2 3 4 5 |  5.5
Stealth        | 1 2 |  2.7
Evocations     | 1 2 |  2.5
Polearms       | 3 5 |  5.8
Earth Magic    | 1 3 4 |  4.0
Spellcasting   | 2 3 |  3.0
Charms         | 2 3 |  3.1
Translocations | 2 3 |  3.1

Action                   |  1- 3 |  4- 6 |  7- 9 | 10-12 | 13-15 | 16-18 || total
-------------------------+-------+-------+-------+-------+-------+-------++-------
Melee: War axe           |   100 |   107 |   312 |   563 |  1755 |   179 ||  3016
       Headbutt          |    12 |    21 |    67 |   158 |   431 |    44 ||   733
       Spear             |       |       |       |   120 |     6 |       ||   126
       Trident           |       |       |       |    22 |    55 |       ||    77
Evoke: Wand              |       |       |    13 |    23 |     5 |       ||    41
       Lamp of fire      |       |       |       |       |     2 |     1 ||     3
  Use: Scroll            |       |       |    14 |     5 |    21 |       ||    40
       Potion            |       |       |       |     3 |     6 |     4 ||    13
 Stab: Paralysed         |       |       |       |       |     8 |       ||     8
  Eat: Chunk             |     2 |     4 |    10 |    18 |    47 |     2 ||    83
       Meat ration       |       |       |     1 |     3 |       |       ||     4
       Fruit             |       |       |     1 |     3 |    18 |       ||    22
       Royal jelly       |       |       |       |     1 |     3 |       ||     4
Armor: Scale mail        |    42 |    52 |    89 |    25 |       |       ||   208
       Chain mail        |       |       |       |    24 |       |       ||    24
       Plate armour      |       |       |       |   303 |   872 |   138 ||  1313
       Ring mail         |       |       |       |     3 |       |       ||     3
       Skin              |       |       |       |       |     1 |       ||     1
Dodge: Dodged            |    25 |    36 |    88 |   242 |   474 |    88 ||   953
Block: Shield            |    52 |    59 |   133 |   479 |  1138 |   142 ||  2003
